AoeStats
← zdena.omega

Arabia

509558113Analyzed
1v1 RM · 5d ago on Sep 27, 2026· 42m 43s· 2 players
Game mode
Random Map
Map size
Tiny (2 player)
Population
200
Speed
Normal
Resources
Standard
Victory
Conquest
Starting age
Dark Age
Ending age
Imperial Age
RankedLock teamsTeams togetherTeam positionsShared explorationLock speedFull tech treeHidden civsTurbo modeCheats
Victory
Defeat
🇬🇧 Wu · United Kingdom
1178
+15
🇨🇿 Britons · Czechia
1163
-15
zdena.omega
5:14 Loom
9:27 Feudal Age
9:58 Double-Bit Axe
26:11 Castle Age
25:49 Padded Archer Armor
26:46 Horse Collar
27:41 Bow Saw
27:18 Pikeman
30:34 Squires
31:31 Crossbowman
34:15 Forging
34:25 Stone Mining
35:30 Gold Mining
37:54 Scale Mail Armor
38:00 Scale Barding Armor
42:15 Town Watch
42:33 Fletching
EliteBattleGoose
5:52 Loom
9:39 Feudal Age
9:56 Man-at-Arms
22:05 Double-Bit Axe
24:30 Castle Age
22:46 Gold Mining
23:04 Horse Collar
23:50 Bloodlines
26:52 Husbandry
32:11 Ballistics
33:07 Scale Barding Armor
38:22 Wheelbarrow
37:33 Town Watch
42:35 Imperial Age
41:20 Bow Saw
41:36 Chain Barding Armor
42:12 Fletching
42:24 Padded Archer Armor
42:35 Forging
Connection lost

Rejoining the realm…

Still unreachable

The connection could not be restored.

Session expired

The server has moved on; the page needs a fresh start.